Map: Orbital Shipyard

Players

KissMango

  • Race: Zerg Zerg
  • League: Silver

WildCatBrown - Winner!

  • Race: Protoss Protoss
  • League: Gold

VOD

Have the link to the VOD?

Description

Time

  • Played on: Jan. 17, 2016, 9:06 a.m.
  • Length: 10:42
Show
View Real Time Build Order
Export as new Build Order

KissMango Zerg 

Build Orders: Hatch First 

Get SALT Encoding   

  12  0:01  Drone  
  13  0:12  Overlord  
  13  0:17  Drone  
  14  0:30  Drone x2  
  14  0:35  Drone  
  17  0:56  Hatchery  
  16  0:58  Drone  
  16  1:01  Extractor  
  16  1:02  Drone  
  17  1:17  Spawning Pool  
  16  1:20  Drone  
  17  1:28  Drone  
  17  1:29  Drone  
  19  1:39  Drone  
  20  1:49  Overlord  
  20  2:11  Queen  
  20  2:12  Zergling x2  
  20  2:15  Metabolic Boost  
  23  2:19  Drone x2, Queen  
  27  2:24  Overlord  
  27  2:30  Drone  
  28  2:50  Hatchery  
  27  3:07  Drone  
  27  3:08  Drone x5  
  33  3:17  Queen  
  33  3:19  Overlord  
  35  3:21  Drone  
  35  3:38  Drone x3  
  35  3:39  Drone  
  39  3:44  Roach Warren  
  39  3:46  Extractor  
  39  3:48  Drone x2  
  39  3:58  Overlord  
  39  4:03  Overlord x2  
  39  4:10  Queen  
  39  4:12  Queen  
  43  4:41  Roach  
  43  4:42  Roach x8  
  43  4:43  Roach x2  
  65  5:01  Overlord  
  65  5:02  Overlord x2  
  65  5:18  Drone  
  65  5:19  Drone x6  
  72  5:32  Lair  
  72  5:36  Extractor  
  72  5:40  Extractor  
  66  6:38  Queen  
  66  6:39  Queen x2  
  72  6:41  Evolution Chamber  
  72  6:46  Spore Crawler  
  70  6:49  Spore Crawler  
  70  6:52  Drone x2  
  70  6:53  Drone x11  
  70  6:54  Drone x10  
  92  7:06  Drone  
  92  7:07  Drone x3  
  96  7:10  Spore Crawler  
  95  7:29  Extractor  
  94  7:30  Roach  
  94  7:31  Overlord x4, Roach, Extractor  
  94  7:35  Pneumatized Carapace  
  97  7:47  Overseer  
  97  8:12  Infestation Pit  
  96  8:14  Hatchery  
  95  8:26  Zerg Ground Armor Level 1  
  95  8:31  Hydralisk Den  
  94  8:44  Drone  
  94  8:45  Drone x7  
  94  8:46  Spire  
  101  8:50  Hive  
  101  9:04  Roach x4  
  101  9:05  Overlord x2, Roach x2  
  101  9:06  Overlord x3  
  113  9:39  Overseer  
  113  9:47  Drone  
  113  9:48  Drone x10  
  113  9:49  Drone  
  125  10:06  Mutalisk x5, Ultralisk Cavern  
  125  10:07  Mutalisk x7  
  128  10:08  Mutalisk  
  150  10:23  Extractor  
  150  10:26  Spore Crawler, Extractor  
Show
View Real Time Build Order
Export as new Build Order

WildCatBrown Protoss - Winner!

Build Orders: 1 Gate Expand 

Get SALT Encoding   

  12  0:01  Probe (Chrono Boost)  
  13  0:11  Probe (Chrono Boost)  
  14  0:21  Pylon  
  14  0:23  Probe (Chrono Boost)  
  15  0:30  Assimilator  
  15  0:40  Probe (Chrono Boost)  
  16  0:48  Gateway  
  16  0:50  Probe (Chrono Boost)  
  17  1:01  Probe (Chrono Boost)  
  18  1:13  Probe (Chrono Boost)  
  19  1:24  Nexus  
  19  1:26  Probe (Chrono Boost)  
  20  1:36  Probe (Chrono Boost)  
  21  1:43  Cybernetics Core  
  22  1:47  Probe (Chrono Boost)  
  22  1:58  Pylon  
  22  2:01  Probe (Chrono Boost)  
  23  2:16  Probe (Chrono Boost)  
  23  2:20  Warp Gate  
  23  2:21  Adept  
  26  2:26  Probe (Chrono Boost)  
  27  2:30  Assimilator  
  27  2:37  Mothership Core (Chrono Boost)  
  27  2:38  Probe (Chrono Boost)  
  29  2:48  Probe (Chrono Boost)  
  29  2:50  Gateway  
  30  2:55  Pylon  
  30  2:56  Probe (Chrono Boost)  
  31  2:59  Probe (Chrono Boost)  
  32  3:06  Probe (Chrono Boost)  
  32  3:08  Adept  
  35  3:18  Probe x2 (Chrono Boost)  
  35  3:19  Pylon  
  37  3:32  Probe x2 (Chrono Boost)  
  39  3:35  Adept  
  39  3:38  Adept  
  39  3:40  Robotics Facility  
  43  3:45  Forge  
  43  3:47  Probe x2 (Chrono Boost)  
  45  3:51  Assimilator  
  45  3:57  Probe (Chrono Boost)  
  45  3:58  Assimilator  
  48  4:02  Adept  
  48  4:05  Probe (Chrono Boost)  
  48  4:08  Probe (Chrono Boost)  
  50  4:21  Pylon  
  50  4:26  Warp Prism  
  52  4:33  Probe x2 (Chrono Boost)  
  52  4:36  Protoss Ground Weapons Level 1  
  54  4:41  Stalker  
  56  4:46  Probe x2 (Chrono Boost)  
  58  4:56  Probe (Chrono Boost)  
  58  4:58  Stalker  
  61  5:09  Stalker  
  61  5:13  Immortal  
  67  5:20  Gateway  
  67  5:23  Gateway  
  67  5:27  Pylon  
  67  5:37  Probe (Chrono Boost)  
  67  5:38  Probe (Chrono Boost)  
  69  5:49  Stalker, Pylon  
  71  5:50  Stalker  
  71  5:53  Pylon  
  73  6:02  Gateway  
  73  6:04  Gateway  
  71  6:30  Stalker x2, Protoss Ground Armor Level 1  
  69  6:34  Immortal  
  73  6:40  Probe (Chrono Boost)  
  73  6:41  Robotics Bay  
  73  6:42  Probe (Chrono Boost)  
  75  6:51  Probe (Chrono Boost)  
  76  7:02  Nexus  
  76  7:05  Assimilator  
  76  7:08  Stalker x4  
  82  7:10  Assimilator  
  82  7:13  Pylon  
  82  7:14  Observer  
  85  7:15  Pylon  
  85  7:17  Twilight Council  
  85  7:19  Pylon  
  85  7:36  Disruptor  
  88  7:49  Robotics Facility  
  88  7:51  Robotics Facility  
  88  8:02  Blink (Chrono Boost)  
  88  8:12  Stalker x4, Disruptor, Protoss Ground Weapons Level 2  
  97  8:13  Stalker x2  
  103  8:35  Gravitic Drive  
  103  8:38  Immortal  
  107  8:47  Disruptor  
  110  9:05  Stalker x4  
  110  9:06  Stalker x2  
  122  9:29  Zealot x2  
  122  9:30  Zealot x3  
  132  9:49  Probe  
  133  10:03  Pylon  
  133  10:06  Pylon  
  133  10:09  Pylon  
  133  10:19  Probe  
  133  10:21  Probe  
Tags
 
Add a new tag
Caveats
  • Supply blocks, unpowered buildings, or Contaminate may cause inaccurate times.
  • Supply counts are checked every 10 seconds.